 Dungeon Crawl Stone Soup version 0.28.0-53-g5a82cb258f (webtiles) character file.

Game seed: 12254100389824946248

210 safid the Chopper (level 5, -3/46 HPs)
             Began as a Hill Orc Fighter on May 27, 2022.
             Was an Initiate of Beogh.
             Killed from afar by Terence (9 damage)
             ... with a puff of flame
             ... on level 3 of the Dungeon on May 28, 2022.
             The game lasted 00:04:10 (2536 turns).

safid the Chopper (Hill Orc Fighter)                Turns: 2536, Time: 00:04:11

Health: -3/46      AC:  8    Str: 27    XL:     5   Next: 88%
Magic:  0/5        EV:  9    Int:  8    God:    Beogh [......]
Gold:   138        SH:  4    Dex: 10    Spells: 4/4 levels left

rFire   . . .      SeeInvis .   a - +0 war axe
rCold   + . .      Faith    .   c - +0 buckler
rNeg    . . .      Spirit   +   b - +0 scale mail
rPois   .          Reflect  .   m - +0 helmet
rElec   .          Harm     .   (no cloak)
rCorr   .          Rampage  .   (no gloves)
Will    .....                   (no boots)
Stlth   ..........              n - amulet of guardian spirit
HPRegen 0.15/turn               e - +6 ring of strength
MPRegen 0.09/turn               k - ring of protection from cold

@: no status effects
A: no striking features
a: Renounce Religion


You were on level 3 of the Dungeon.
You worshipped Beogh.
Beogh was noncommittal.
You visited 1 branch of the dungeon, and saw 3 of its levels.

You collected 138 gold pieces.

Inventory:

Hand Weapons
 a - a +0 war axe (weapon)
Armour
 b - a +0 scale mail (worn)
 c - a +0 buckler (worn)
 m - a +0 helmet (worn)
Jewellery
 e - a +6 ring of strength (left hand)
 k - a ring of protection from cold (right hand)
 n - an amulet of guardian spirit (around neck)
Scrolls
 g - a scroll of silence {unknown}
 h - a scroll of immolation {unknown}
 i - 2 scrolls of identify {unknown}
 o - 2 scrolls of enchant armour {unknown}
 p - a scroll of amnesia {unknown}
Potions
 d - a potion of might
 f - 3 potions of lignification {unknown}
 j - a potion of ambrosia {unknown}
 l - a potion of heal wounds {unknown}


   Skills:
 - Level 4.0 Fighting
 + Level 6.6 Axes
 - Level 4.0 Armour
 - Level 4.0 Shields


You had 4 spell levels left.
You didn't know any spells.
Your spell library contained the following spells:

 Spells                   Type           Power      Damage    Failure   Level
 Animate Skeleton         Necr           0%         N/A       77%         1
 Apportation              Tloc           0%         N/A       77%         1
 Pain                     Necr           0%         1d4       77%         1
 Summon Small Mammal      Summ           0%         N/A       77%         1
 Dazzling Flash           Conj/Hex       0%         N/A       98%         3
 Vampiric Draining        Necr           0%         2d6       98%         3
 Iskenderun's Mystic Bla  Conj/Tloc      0%         2d3       100%        4
 Starburst                Conj/Fire      0%         6d3       100%        6


Dungeon Overview and Level Annotations

Branches:
Dungeon (3/15)

Altars:

Shops:
D:2 (   D:3 !

Annotations:
D:3 Terence


Message History

The jackal barely misses you. The jackal closely misses you.
You slash the jackal!
You kill the jackal!
Beogh accepts your kill.
You hit Terence.
Terence is lightly wounded.
Terence hits you with a +0 flail. Terence hits you but does no damage.
You barely miss Terence.
Terence is lightly wounded.
Terence zaps a wand.
The puff of flame hits you.
You completely miss Terence.
Terence is lightly wounded.
Terence hits you with a +0 flail.
You completely miss Terence.
Terence is lightly wounded.
Terence zaps a wand.
The puff of flame hits you.
You barely miss Terence.
Terence is lightly wounded.
Terence zaps a wand.
The puff of flame hits you!
You barely miss Terence.
Terence is lightly wounded.
Terence zaps a wand.
The puff of flame hits you. You block Terence's attack.
You barely miss Terence.
Terence is lightly wounded.
Terence hits you with a +0 flail.
* * * LOW HITPOINT WARNING * * *
There is an open door here.
Terence shouts, "DIE!!!"
Terence zaps a wand.
The puff of flame hits you.
* * * LOW HITPOINT WARNING * * *
Terence shouts, "Get ready for death!"
There is a large open door here.
There is a large open door here.
Terence zaps a wand.
The puff of flame misses you.
Terence zaps a wand.
The puff of flame misses you.
You see here 25 bolts.
Terence zaps a wand.
The puff of flame hits you.
* * * LOW HITPOINT WARNING * * *
Terence zaps a wand.
The puff of flame hits you!
You die...

#...>....................##
#.....)..###############..#
#........# ##.# #........#
#.# #........# #..
#........##### ##.
#.........)..# #.
#............# #.
####'####.@..# ##
#.####....# # #....'....# #
#######.(..# # #..........#
#.####.....# #..@..# #
#.....# # #.....# #


You could see Terence.

Vanquished Creatures
  A phantom (D:2)
  Robin (D:3)
  5 adders
  A worm (D:2)
  2 dart slugs (D:1)
  4 orcs (D:3)
  3 ball pythons
  5 bats
  7 endoplasms
  4 giant cockroaches
  14 goblins
  3 hobgoblins
  7 jackals
  2 quokkas (D:1)
  2 frilled lizards
  3 kobolds
  5 rats
69 creatures vanquished.

Vanquished Creatures (others)
  2 orc priests (D:3)
  2 goblins (D:3)
4 creatures vanquished.

Grand Total: 73 creatures vanquished

Notes
Turn   | Place    | Note
-------+----------+-------------------------------------------
     0 | D:1      | safid the Hill Orc Fighter began the quest for the Orb.
     0 | D:1      | Reached XP level 1. HP: 19/19 MP: 1/1
   188 | D:1      | Found a faded altar of an unknown god.
   246 | D:1      | Reached XP level 2. HP: 27/27 MP: 2/2
   250 | D:1      | Reached skill level 3 in Axes
   434 | D:1      | Reached XP level 3. HP: 26/33 MP: 3/3
   663 | D:2      | Found Ykobrass's Antique Weapon Emporium.
   841 | D:2      | Noticed a phantom
   849 | D:2      | Killed a phantom
   850 | D:2      | Reached skill level 5 in Axes
   850 | D:2      | Reached XP level 4. HP: 20/40 MP: 4/4
  1581 | D:2      | Reached XP level 5. HP: 44/46 MP: 5/5
  2028 | D:3      | Reached skill level 6 in Axes
  2040 | D:3      | Became a worshipper of Beogh the Brigand
  2060 | D:3      | Found Parraoj's Distillery.
  2061 | D:3      | Noticed Robin
  2074 | D:3      | Killed Robin
  2501 | D:3      | Noticed Terence
  2536 | D:3      | Killed from afar by Terence

Illustrated notes

Levels and vault maps discovered:
D:1:      matt_arrival_grand_opening, layout_rooms,
          ebering_ecumenical_altar_sacrificial
D:2:      layout_loops_corners, serial_shops, shop, lemuel_old_faithful
D:3:      layout_basic, serial_shops, shop, fountainhead,
          minmay_misc_feat_square, uniq_terence, uniq_robin

Skill      XL: |  1  2  3  4  5 |
---------------+----------------+-----
Axes           | 3 5 6 |  6.6
Fighting       | 4 |  4.0
Armour         | 4 |  4.0
Shields        | 4 |  4.0

Action                   |  1- 3 |  4- 6 || total
-------------------------+-------+-------++-------
Melee: War axe           |    55 |   107 ||   162
Invok: Convert to Beogh  |       |     1 ||     1
Armor: Scale mail        |    24 |    47 ||    71
Dodge: Dodged            |    29 |    38 ||    67
Block: Buckler           |    11 |    22 ||    33
